 Dungeon Crawl Stone Soup version 0.31-a0-431-g88bdf31460 (webtiles) character file.

Game seed: 10566930728402639852

7282 CraigForest the Brawler (level 10, -2/84 HPs)
             Began as a Troll Shapeshifter on Aug 1, 2023.
             Was a Believer of Qazlal.
             Slain by a death yak (13 damage)
             ... on level 9 of the Dungeon.
             The game lasted 00:29:18 (6478 turns).

CraigForest the Brawler (Troll Shapeshifter)        Turns: 6478, Time: 00:29:19

Health: -2/84      AC:  8    Str: 35    XL:     10   Next: 89%
Magic:  9/9        EV: 10    Int:  4    God:    Qazlal [**....]
Gold:   333        SH:  3    Dex: 10    Spells: 9/9 levels left

rFire   . .          .
                       - Unarmed
rCold   . . .        (no shield)
rNeg    . . .        O - +0 acid dragon scales
rPois   +            (helmet currently unavailable)
rElec   .            (cloak currently unavailable)
rCorr   +            (gloves unavailable)
SInv    .            (boots unavailable)
Will    +....        (no amulet)
Stlth   +            d - ring of poison resistance
HPRegen 1.14/turn    j - +6 ring of strength
MPRegen 0.11/turn

%: no passive effects
@: beast-form, studying Long Blades
A: beast (slay +2), large, unfitting armour, claws 3, regeneration 1, shaggy fur
1, tough skin 1, strong-willed 1
a: Begin Untransformation, Renounce Religion, Upheaval


You were on level 9 of the Dungeon.
You worshipped Qazlal.
Qazlal was pleased with you.
You were a hulking beast.
You visited 2 branches of the dungeon, and saw 10 of its levels.

You collected 476 gold pieces.
You spent 143 gold pieces at shops.

Inventory:

Hand Weapons
 y - the +9 mace "Gapnes" {flame, *Slow rF+++ rC- Str+2}
   (You found it on level 5 of the Dungeon)

   Str:       It affects your strength (+2).
   rF:        It renders you almost immune to fire.
   rC:        It makes you vulnerable to cold.
   *Slow:     It may slow you when you take damage.
 B - a +0 giant spiked club
 I - the +5 dagger of the Fox {heavy, Will- Int+6}
   (You found it on level 6 of the Dungeon)

   Int:       It affects your intelligence (+6).
   Will:      It decreases your willpower.
Missiles
 o - 11 javelins (quivered)
 s - 6 atropa-tipped darts
 A - 10 poisoned darts
 J - 3 throwing nets
Armour
 a - a +0 animal skin
 l - a +1 robe
 w - a +0 pair of boots
 F - a +0 cloak
 G - +0 steam dragon scales
 O - +0 acid dragon scales (worn)
Jewellery
 d - a ring of poison resistance (left claw)
 g - an amulet of magic regeneration
 j - a +6 ring of strength (right claw)
 P - a ring of wizardry
Talismans
 c - a beast talisman (active)
Wands
 r - a wand of roots (11)
 v - a wand of digging (2)
 z - a wand of charming (20)
 K - a wand of quicksilver (6)
Scrolls
 n - 6 scrolls of revelation
 p - a scroll of immolation
 D - 2 scrolls of enchant weapon
 H - a scroll of fog
 N - a scroll of silence
Potions
 b - 6 potions of lignification
 e - 5 potions of curing
 f - 5 potions of attraction {unknown}
 h - a potion of resistance {unknown}
 i - a potion of cancellation
 k - 2 potions of brilliance
 m - 2 potions of magic
 u - 2 potions of haste {unknown}
 x - 3 potions of berserk rage {unknown}
 C - a potion of degeneration {unknown}
 E - a potion of might {unknown}
 M - a potion of ambrosia {unknown}


   Skills:
 - Level 1.0 Fighting
 + Level 3.4 Dodging
 + Level 16.2 Unarmed Combat
 - Level 3.0 Shapeshifting


You had 9 spell levels left.
You didn't know any spells.
Your spell library contained the following spells:

 Spells                   Type           Power      Damage    Failure   Level
 Summon Small Mammal      Summ           0%         N/A       54%         1
 Blink                    Tloc           0%         N/A       69%         2
 Lesser Beckoning         Tloc           0%         N/A       69%         2
 Momentum Strike          Conj/Tloc      0%         3d8       69%         2
 Wereblood                Tmut           0%         N/A       69%         2
 Call Canine Familiar     Summ           0%         N/A       89%         3
 Ozocubu's Armour         Ice            0%         N/A       89%         3
 Summon Guardian Golem    Hex/Summ       0%         N/A       89%         3
 Manifold Assault         Tloc           0%         N/A       100%        4
 Irradiate                Conj/Tmut      0%         3d11      100%        5
 Metabolic Englaciation   Hex/Ice        0%         N/A       100%        5
 Dispersal                Tloc           0%         N/A       100%        6
 Simulacrum               Ice/Necr       0%         N/A       100%        6
 Ozocubu's Refrigeration  Ice            0%         4d7       100%        7
 Disjunction              Tloc           0%         N/A       100%        8


Dungeon Overview and Level Annotations

Branches:
Dungeon (9/15)             Temple (1/1) D:6
   Lair: D:8-11         Orc: D:9-12

Altars:
Cheibriados
Dithmenos
Elyvilon
Gozag
Kikubaaqudgha
Makhleb
Nemelex Xobeh
Okawaru
Qazlal
Ru
Sif Muna
Trog
Uskayaw
Vehumet
Wu Jian
Xom
Yredelemnul
Zin
The Shining One

Shops:
D:5 ?**(   D:7 !

Annotations:
D:9 exclusion: orange crystal statue


Innate Abilities, Weirdness & Mutations

You are a hulking beast.
Your limbs bulge with bestial killing power. (Slay +2)
You are too large for most types of armour.
You have claws for hands.
Your natural rate of healing is unusually fast.
You are covered in fur. (AC +1)
You have tough skin. (AC +1)
You are strong-willed. (Will+)


Message History

You mangle the yak!! Your claw misses the yak.
The yak is almost dead.
The yak gores you! The yak gores your troll.
You claw the yak!
You kill the yak!
Qazlal accepts your kill.
Your troll bites the yak.
Your troll barely misses the yak. x2
The kobold hits you but does no damage. The yak misses you.
The yak gores your troll!
You mangle the kobold!!
You kill the kobold!
Qazlal accepts your kill.
Your troll barely misses the yak.
Your troll claws the yak!
Your troll claws the yak.
You claw the yak! You claw the yak.
The yak is moderately wounded.
The yak gores your troll. The yak gores you!
* * * LOW HITPOINT WARNING * * *
Your troll bites the yak!
Your troll closely misses the yak.
Your troll barely misses the yak.
You mangle the death yak!!
The death yak is heavily wounded.
The yak closely misses your troll. The death yak gores you!
* * * LOW HITPOINT WARNING * * *
The yak gores you but does no damage.
You feel much better.
Your troll barely misses the yak.
Your troll claws the yak but does no damage.
Your troll claws the yak.
The death yak gores you!!
* * * LOW HITPOINT WARNING * * *
You block the yak's attack. The yak barely misses you.
The yak gores your troll!
You barely miss the death yak. You claw the death yak.
The death yak is heavily wounded.
Your troll bites the yak.
The yak dies!
Qazlal accepts your kill.
You barely miss the death yak.
The death yak is heavily wounded.
The death yak gores you!
You die...

############
#.#..........#
#.#.####.....#
#.#.####.....#
#.#oYYY#.....#
#.######.#####
###'#.)o{)T########
#......###Yh......#
#......))YYY°.....+
#......####.......#
'...'....[.'.")()...>.#
####......####).......
#......# #........
####...# #........
#...# ####(#... #####
.....


You could see a death yak (ally target), 3 yaks, an orc and a friendly troll
(summoned).

Vanquished Creatures
  2 two-headed ogres
  2 death yaks (D:9)
  A troll (D:9)
  2 wyverns (D:9)
  7 yaks (D:9)
  2 steam dragons
  An acid dragon (D:9)
  Duvessa (D:7)
  A water moccasin (D:8)
  2 orc warriors (D:9)
  3 black bears
  A sky beast (D:6)
  3 ice beasts (D:6)
  2 ogres
  3 centaurs
  A kobold brigand (D:9)
  5 bullfrogs
  3 scorpions
  Dowan (D:7)
  3 howler monkeys
  A centaur zombie (D:8)
  Crazy Yiuf (D:6)
  6 orc priests
  2 hounds (D:6)
  6 jellies
  2 iguanas
  4 orc wizards
  A killer bee zombie (D:8)
  10 gnolls
  2 adders (D:4)
  A shadow imp (D:8)
  A white imp (D:6)
  A worm (D:3)
  2 dart slugs
  25 orcs
  5 ball pythons
  A bat (D:1)
  5 endoplasms
  6 giant cockroaches
  9 goblins
  2 hobgoblins
  4 jackals (D:4)
  7 kobolds
  6 quokkas
  10 frilled lizards
  A rat (D:3)
167 creatures vanquished.

Vanquished Creatures (collateral kills)
  A yak (D:9)
  An orc (D:9)
  3 kobolds (D:9)
5 creatures vanquished.

Grand Total: 172 creatures vanquished

Notes
Turn   | Place    | Note
-------+----------+-------------------------------------------
     0 | D:1      | CraigForest the Troll Shapeshifter began the quest for the
                  | Orb.
     0 | D:1      | Reached XP level 1. HP: 18/18 MP: 0/0
   120 | D:1      | Reached XP level 2. HP: 26/26 MP: 1/1
   511 | D:1      | Reached skill level 4 in Unarmed Combat
   999 | D:2      | Reached XP level 3. HP: 28/32 MP: 2/2
  1023 | D:2      | Found a faded altar of an unknown god.
  1668 | D:3      | Found a hide-covered altar of Uskayaw.
  2142 | D:4      | Noticed a scorpion
  2149 | D:4      | Killed a scorpion
  2150 | D:4      | Reached skill level 5 in Unarmed Combat
  2150 | D:4      | Reached XP level 4. HP: 40/40 MP: 3/3
  2235 | D:4      | Noticed an ogre
  2240 | D:4      | Reached skill level 1 in Fighting
  2250 | D:4      | Killed an ogre
  2251 | D:4      | Reached skill level 6 in Unarmed Combat
  2251 | D:4      | Reached XP level 5. HP: 37/48 MP: 4/4
  2411 | D:4      | Found a shimmering blue altar of Sif Muna.
  2423 | D:4      | Reached XP level 6. HP: 39/55 MP: 5/5
  2777 | D:5      | Entered Level 5 of the Dungeon
  2778 | D:5      | Identified the +9 mace "Gapnes" {flame, *Slow rF+++ rC-
                  | Str+2}
  2814 | D:5      | Found Zuremp's Magic Scroll Shoppe.
  2818 | D:5      | Reached skill level 7 in Unarmed Combat
  2939 | D:5      | Found Uletwo's Assorted Antiques.
  3045 | D:5      | Found Kuawki Nyf's Weapon Shoppe.
  3171 | D:5      | Found Vuomnoz's General Store.
  3530 | D:6      | Reached skill level 8 in Unarmed Combat
  3530 | D:6      | Reached XP level 7. HP: 62/62 MP: 6/6
  3770 | D:6      | Found a runed translucent door.
  3771 | D:6      | Noticed Crazy Yiuf
  3778 | D:6      | Killed Crazy Yiuf
  3829 | D:6      | Noticed a steam dragon
  3838 | D:6      | Killed a steam dragon
  3981 | D:6      | Reached skill level 9 in Unarmed Combat
  4053 | D:6      | Reached XP level 8. HP: 70/70 MP: 7/7
  4067 | D:6      | Reached skill level 10 in Unarmed Combat
  4252 | D:6      | Found a staircase to the Ecumenical Temple.
  4258 | Temple   | Entered the Ecumenical Temple
  4279 | Temple   | Became a worshipper of Qazlal Stormbringer
  4314 | D:6      | Identified the +5 dagger of the Fox {heavy, Will- Int+6}
  4458 | D:6      | Found an ornate altar of the Wu Jian Council.
  4485 | D:6      | Reached skill level 11 in Unarmed Combat
  4658 | D:7      | Found a snail-covered altar of Cheibriados.
  4739 | D:7      | Reached XP level 9. HP: 74/76 MP: 8/8
  4742 | D:7      | Reached skill level 12 in Unarmed Combat
  4905 | D:7      | Noticed Duvessa
  4905 | D:7      | Noticed Dowan
  4911 | D:7      | Killed Duvessa
  4920 | D:7      | Killed Dowan
  5060 | D:7      | Found Baitsalu's Distillery.
  5069 | D:7      | Bought a potion of heal wounds for 55 gold pieces
  5069 | D:7      | Bought a potion of mutation for 88 gold pieces
  5069 | D:7      | Gained mutation: You are strong-willed. (Will+) [potion of
                  | mutation]
  5357 | D:8      | Noticed a two-headed ogre
  5369 | D:8      | Killed a two-headed ogre
  5370 | D:8      | Reached skill level 13 in Unarmed Combat
  5493 | D:8      | Reached * piety under Qazlal
  5665 | D:8      | Found a glowing silver altar of Zin.
  5711 | D:8      | Found a basalt altar of Yredelemnul.
  5837 | D:8      | Reached skill level 14 in Unarmed Combat
  6088 | D:9      | Found a burning altar of Makhleb.
  6105 | D:9      | Noticed a two-headed ogre
  6111 | D:9      | Killed a two-headed ogre
  6112 | D:9      | Reached XP level 10. HP: 46/84 MP: 9/9
  6156 | D:9      | Noticed an orange crystal statue
  6210 | D:9      | Reached skill level 15 in Unarmed Combat
  6421 | D:9      | Noticed a death yak
  6426 | D:9      | Noticed a death yak
  6430 | D:9      | Noticed a death yak
  6435 | D:9      | Killed a death yak
  6436 | D:9      | Reached ** piety under Qazlal
  6470 | D:9      | Killed a death yak
  6471 | D:9      | Reached skill level 16 in Unarmed Combat
  6478 | D:9      | Slain by a death yak

Illustrated notes

Levels and vault maps discovered:
D:1:      scummos_arrival_checkerplants, layout_basic
D:2:      layout_rooms, basic_ecumenical_altar, corner_web_ring,
          minmay_lizard_pond
D:3:      layout_loops_cross, nicolae_uskayaw_murder_on_the_dancefloor
D:4:      layout_loops_ring, nicolae_sif_muna_condensation,
          hangedman_glass_teeth
D:5:      layout_layer_cave, serial_shops, shop, shop, shop, shop,
          kennysheep_generic_room_3
D:6:      layout_loops_ring, nzn_wu_jian_contemplation,
          minmay_temple_entry_waves, uniq_crazy_yiuf_cottage
D:7:      layout_loops_ring, general_overflow_altar, serial_shops,
          nicolae_shop_crystal, uniq_duvessa
D:8:      layout_basic, lemuel_zombie_altar_yredelemnul, zin_treasury,
          kennysheep_generic_room_4
D:9:      layout_basic, old_standard_altar, tgw_fedhas, dpeg_lair_monsters,
          disabler_island
Temple:   minmay_temple_bridge_abc

Skill      XL: |  1  2  3  4  5  6  7  8  9 10 |
---------------+-------------------------------+-----
Unarmed Combat | 4 5 6 8 9 11 14 16 | 16.2
Dodging        | 2 3 |  3.4
Fighting       | 1 |  1.0
Shapeshifting  | |  3.0

Action                     |  1- 3 |  4- 6 |  7- 9 | 10-12 || total
---------------------------+-------+-------+-------+-------++-------
  Melee: Unarmed           |    81 |    72 |   162 |    60 ||   375
         Punch             |     1 |       |    15 |     7 ||    23
  Throw: Dart              |       |       |     1 |     1 ||     2
         Javelin           |       |       |       |     1 ||     1
  Evoke: Wand              |       |       |       |     5 ||     5
    Use: Scroll            |     9 |       |     3 |     5 ||    17
         Potion            |       |       |     1 |     2 ||     3
   Stab: Distracted        |       |     1 |       |       ||     1
         Sleeping          |       |     1 |       |       ||     1
 Armour: Animal skin       |    30 |       |       |       ||    30
         Robe              |     6 |    21 |    10 |       ||    37
         Steam dragon scal |       |       |    29 |     2 ||    31
         Acid dragon scale |       |       |       |    10 ||    10
  Dodge: Dodged            |    43 |    33 |    55 |    15 ||   146
  Block: Other             |       |       |     1 |     1 ||     2

Table legend: (Time is in decaauts)
 A = Elapsed time spent in this place.
 B = Non-inter-level travel time spent in this place.
 C = Inter-level travel time spent in this place.
 D = Time resting spent in this place.
 E = Time spent auto-exploring this place.
 F = Levels seen in this place.
 G = Mean time per level.
                   A        B        C        D        E       F      G
               +--------+--------+--------+--------+--------+-----+--------+
         Total |   6411 |   6248 |    163 |    435 |   4539 |  10 |  641.1 |
       Dungeon |   6368 |   6205 |    163 |    435 |   4539 |   9 |  707.6 |
        Temple |     42 |     42 |      0 |      0 |      0 |   1 |   42.0 |
               +--------+--------+--------+--------+--------+-----+--------+

Top non-repeatable levels by time:
     D:6: 1079 daAuts
     D:4: 915 daAuts
     D:1: 891 daAuts
     D:8: 808 daAuts
     D:5: 743 daAuts
     D:7: 622 daAuts
     D:3: 577 daAuts
     D:2: 380 daAuts
     D:9: 349 daAuts
  Temple: 42 daAuts
